Map: Hardwire LE

Players

Flobio

  • Race: Terran Terran
  • League: Master
  • Spawn Location: 1:00

GamerRichy - Winner!

  • Race: Terran Terran
  • League: Master
  • Spawn Location: 7:00

VOD

Have the link to the VOD?

Description

Time

  • Played on: April 6, 2022, 1:18 p.m.
  • Length: 8:29
Show
View Real Time Build Order
Export as new Build Order

Flobio Terran 

Build Orders: Cyclone Opening 

Get SALT Encoding   

  12  0:00  SCV  
  13  0:12  SCV  
  14  0:17  Supply Depot  
  14  0:24  SCV  
  15  0:38  SCV  
  15  0:40  Barracks  
  16  0:44  Refinery  
  16  0:50  SCV  
  16  0:52  Refinery  
  17  1:03  SCV  
  18  1:15  SCV  
  19  1:27  Orbital Command  
  19  1:28  Reaper  
  19  1:32  Supply Depot  
  20  1:43  Factory  
  20  1:53  SCV  
  21  2:00  Reaper  
  22  2:05  SCV  
  23  2:17  SCV  
  24  2:25  Command Center  
  23  2:30  SCV  
  23  2:32  Factory Tech Lab, Barracks Reactor  
  23  2:42  SCV  
  24  2:54  SCV, Cyclone  
  28  3:01  Supply Depot  
  28  3:07  SCV  
  28  3:09  Marine x2  
  31  3:15  Starport  
  31  3:23  SCV  
  32  3:33  Marine x2, Cyclone  
  37  3:37  SCV  
  37  3:41  Orbital Command  
  38  3:43  Refinery  
  38  3:49  SCV  
  38  3:51  Marine x2  
  38  3:52  Medivac  
  43  4:01  SCV  
  44  4:06  Siege Tank, SCV  
  48  4:13  SCV  
  48  4:14  Supply Depot  
  48  4:18  SCV  
  48  4:23  Starport Tech Lab  
  49  4:25  SCV  
  49  4:31  SCV  
  51  4:36  Command Center  
  51  4:37  SCV  
  52  4:42  Siege Tank  
  52  4:43  SCV  
  56  4:47  Refinery, Supply Depot  
  56  4:50  SCV  
  55  4:57  SCV  
  54  5:02  SCV  
  55  5:07  Marine x2  
  55  5:08  Raven  
  55  5:09  SCV  
  55  5:14  SCV  
  58  5:21  SCV  
  58  5:25  Siege Tank  
  58  5:26  SCV  
  63  5:32  Engineering Bay  
  63  5:33  SCV, Barracks, Engineering Bay  
  64  5:38  SCV  
  64  5:42  Marine, Barracks  
  66  5:43  Marine  
  66  5:45  SCV  
  66  5:48  Supply Depot  
  68  5:50  SCV  
  68  5:51  Supply Depot  
  68  5:54  Orbital Command  
  69  5:58  SCV  
  69  6:00  Terran Infantry Weapons Level 1  
  69  6:01  Terran Infantry Armor Level 1  
  70  6:05  SCV  
  70  6:09  Siege Tank  
  70  6:10  SCV  
  75  6:18  SCV  
  76  6:19  SCV  
  76  6:21  Viking x2  
  76  6:24  Stimpack  
  81  6:26  SCV  
  81  6:27  Barracks Reactor  
  81  6:29  Barracks Reactor  
  81  6:30  SCV  
  81  6:31  SCV  
  84  6:39  SCV  
  85  6:40  Marine  
  85  6:41  Siege Tank  
  85  6:42  SCV  
  85  6:44  Sensor Tower  
  85  6:45  SCV  
  90  6:51  Viking, SCV  
  92  6:54  Supply Depot  
  92  6:55  Barracks, SCV  
  92  6:56  Barracks  
  92  6:57  SCV  
  92  6:59  Viking  
  96  7:03  SCV  
  96  7:04  Refinery  
  96  7:05  Refinery  
  96  7:06  Marine x2  
  96  7:07  Marine, SCV  
  101  7:16  Marine x2, SCV x2, Supply Depot  
  101  7:18  Supply Depot  
  101  7:20  SCV  
  106  7:23  Marine  
  106  7:24  Marine  
  106  7:25  Marine  
  106  7:27  Siege Tank  
  112  7:34  Marine x2  
  111  7:41  Marine x3  
  111  7:43  Marine x2  
  85  7:51  Marine x2  
  85  7:53  Medivac x2  
  89  7:59  Marine x3  
  89  8:00  Armory  
  89  8:01  Marine x2  
  95  8:09  Marine x2  
Show
View Real Time Build Order
Export as new Build Order

GamerRichy Terran - Winner!

Build Orders: Reaper Expand 

Get SALT Encoding   

  12  0:00  SCV  
  13  0:12  SCV  
  14  0:17  Supply Depot  
  14  0:24  SCV  
  15  0:38  SCV  
  15  0:39  Barracks  
  16  0:44  Refinery  
  16  0:50  SCV  
  17  1:02  SCV  
  18  1:15  SCV  
  19  1:27  Orbital Command, Reaper  
  20  1:43  Command Center  
  20  1:52  Supply Depot  
  20  1:54  SCV  
  20  1:58  Marine  
  22  2:09  SCV  
  22  2:10  Bunker  
  23  2:17  Factory  
  23  2:21  Barracks Reactor  
  23  2:31  SCV  
  23  2:34  Refinery  
  24  2:43  SCV  
  25  2:55  SCV  
  25  2:58  Marine x2  
  25  3:02  Starport  
  25  3:03  Orbital Command  
  27  3:06  Factory Tech Lab  
  27  3:11  SCV  
  28  3:17  Marine x2  
  30  3:23  SCV  
  30  3:25  Cyclone  
  34  3:30  SCV  
  35  3:35  SCV  
  35  3:37  Marine x2  
  37  3:42  Medivac  
  37  3:43  SCV  
  37  3:47  SCV  
  37  3:48  Supply Depot  
  41  3:55  SCV  
  42  3:59  Marine x2, SCV, Supply Depot  
  42  4:01  Refinery  
  45  4:07  SCV  
  45  4:09  Siege Tank  
  49  4:16  SCV  
  50  4:19  Barracks  
  50  4:21  Starport Tech Lab  
  50  4:23  Barracks  
  50  4:26  SCV  
  50  4:27  Marine x2  
  53  4:34  SCV  
  53  4:38  Supply Depot  
  54  4:40  Engineering Bay  
  54  4:44  SCV  
  55  4:46  SCV  
  56  4:53  Starport Reactor  
  56  4:54  Marine x2  
  56  4:55  Siege Tank  
  56  4:58  SCV  
  56  4:59  SCV  
  56  5:10  SCV  
  56  5:11  SCV  
  56  5:22  SCV  
  56  5:23  Terran Infantry Weapons Level 1  
  56  5:24  SCV  
  58  5:34  SCV  
  59  5:36  SCV  
  59  5:38  Starport Reactor  
  59  5:39  Stimpack  
  59  5:42  Command Center  
  60  5:43  Marine x3  
  60  5:46  SCV  
  60  5:48  Supply Depot  
  60  5:49  SCV  
  65  5:54  Marine  
  65  5:55  Marine, Siege Tank  
  70  5:59  Supply Depot  
  70  6:01  SCV  
  70  6:10  Marine x3, SCV  
  74  6:12  Supply Depot  
  74  6:14  Marine x2  
  74  6:15  SCV  
  77  6:22  Medivac x2  
  77  6:25  SCV  
  82  6:26  Supply Depot  
  82  6:31  Marine x2, Siege Tank  
  87  6:35  Supply Depot, SCV  
  87  6:39  Marine x2  
  90  6:40  Refinery  
  90  6:45  Marine  
  90  6:46  SCV  
  92  6:49  SCV  
  93  6:57  Marine x4  
  93  6:58  Medivac  
  93  6:59  SCV  
  100  7:06  Armory  
  100  7:10  Marine, Engineering Bay  
  100  7:12  SCV  
  100  7:13  SCV  
  100  7:15  Marine  
  104  7:19  Marine  
  104  7:20  Marine  
  106  7:28  Marine x2  
  105  7:33  Marine  
  105  7:34  Barracks  
  105  7:35  Barracks  
  89  7:47  Marine x4  
  89  7:48  Siege Tank  
  84  7:56  Marine  
  84  7:57  SCV, Medivac x2  
  84  7:58  SCV  
  89  7:59  Orbital Command  
  89  8:05  Marine x2  
  91  8:07  Marine x2  
  91  8:10  SCV x2  
  91  8:12  Supply Depot  
Tags
 
Add a new tag
Caveats
  • Supply blocks, unpowered buildings, or Contaminate may cause inaccurate times.
  • Supply counts are checked every 10 seconds.